 Dungeon Crawl Stone Soup version 0.16-a0-296-gbdb9f68 (webtiles) character file.

242 Ololoev the Chiller (level 6, -4/49 HPs)
             Began as a Naga Ice Elementalist on Aug 29, 2014.
             Was an Initiate of Okawaru.
             Slain by a phantom (8 damage)
             ... on Level 4 of the Dungeon.
             The game lasted 00:12:58 (3357 turns).

Ololoev the Chiller (Naga Ice Elementalist)         Turns: 3357, Time: 00:12:59

HP  -4/49        AC  3     Str 10      XL: 6   Next:  9%
MP  15/15        EV 10     Int 17      God: Okawaru [......]
Gold 177         SH  0     Dex 12      Spells:  2 memorised,  8 levels left

rFire  . . .     SeeInvis +     t - +3 hand axe (vamp)
rCold  . . .     Clarity  .     a - +0 robe
rNeg   . . .     rCorr    .     (no shield)
rPois  +         rRot     .     (no helmet)
rElec  .         Spirit   .     (no cloak)
SustAb .         Warding  .     (no gloves)
rMut   .         Stasis   .     (no barding)
Gourm  .                        (no amulet)
MR     .....                    (no ring)
                                (no ring)

@: very slow, not resistant to hostile enchantments, unstealthy
A: spit poison, see invisible, deformed body, poison resistance, slowness 2, AC
+2
a: Spit Poison, Renounce Religion


You were on level 4 of the Dungeon.
You worshipped Okawaru.
Okawaru was noncommittal.
You were not hungry.

You visited 1 branch of the dungeon, and saw 4 of its levels.

You collected 177 gold pieces.

Inventory:

Hand weapons
 t - a +3 vampiric hand axe (weapon)
Armour
 a - a +0 robe (worn)
Magical devices
 x - a wand of draining (5)
Comestibles
 v - a slice of pizza
 z - 2 bread rations
 A - a chunk of adder flesh
 B - a meat ration
Scrolls
 d - a scroll of teleportation
 e - 3 scrolls of enchant weapon
 f - 2 scrolls of fear
 g - 4 scrolls of identify
 j - 2 scrolls of enchant armour {unknown}
 l - a scroll of blinking {unknown}
 m - a scroll of magic mapping {unknown}
 o - 4 scrolls of remove curse
 r - a scroll of immolation {unknown}
 s - a scroll of fog {unknown}
Jewellery
 y - a +3 ring of dexterity {unknown}
Potions
 c - a potion of mutation {unknown}
 h - a potion of resistance {unknown}
 i - a potion of invisibility
 k - a potion of might
 n - a potion of confusion {unknown}
 p - a potion of curing {unknown}
 q - a potion of cancellation {unknown}
 C - a potion of cure mutation {unknown}
Books
 b - a book of Frost

   Spells                             Type                      Level
   *Freeze                            Ice                          1
   Throw Frost                        Conjuration/Ice              2
   Ozocubu's Armour                   Charms/Ice                   3
   *Throw Icicle                      Conjuration/Ice              4
   Summon Ice Beast                   Ice/Summoning                4
   Condensation Shield                Ice                          4
 u - a book of Ice

   Spells                             Type                      Level
   Metabolic Englaciation             Hexes/Ice                    5
   Ozocubu's Refrigeration            Ice                          6
   Bolt of Cold                       Conjuration/Ice              6
   Freezing Cloud                     Conjuration/Ice/Air          6
   Simulacrum                         Ice/Necromancy               6


   Skills:
 - Level 1.5 Dodging
 - Level 3.0 Stealth
 - Level 4.0 Spellcasting
 * Level 2.0 Conjurations
 + Level 4.9 Ice Magic


You had 8 spell levels left.
You knew the following spells:

 Your Spells              Type           Power        Failure   Level  Hunger
a - Freeze                Ice            ###.         2%          1    None
b - Throw Icicle          Conj/Ice       ###.....     38%         4    ####...


Dungeon Overview and Level Annotations

Branches:
Dungeon (4/15)
 Temple: D:4-7

Altars:
Gozag
Makhleb
Nemelex Xobeh
Okawaru
Vehumet

Annotations:
D:2 Sigmund
D:3 casual's ghost, average GrAE
D:4 Eustachio


Innate Abilities, Weirdness & Mutations

You cannot wear boots.
You can spit poison.
Your serpentine skin is tough (AC +2).
You have supernaturally acute eyesight.
Armour fits poorly on your strangely shaped body.
Your system is resistant to poisons.
You cover ground very slowly.


Message History

You are too injured to fight recklessly!
You are too injured to fight recklessly!
You are too injured to fight recklessly!
You are too injured to fight recklessly!
You are too injured to fight recklessly!
You are too injured to fight recklessly!
You are too injured to fight recklessly!
You are too injured to fight recklessly!
You are too injured to fight recklessly!
You are too injured to fight recklessly!
You are too injured to fight recklessly!
Unknown command.
You hit the phantom.
The phantom is lightly damaged.
The phantom hits you.
* * * LOW HITPOINT WARNING * * *
You barely miss the phantom.
The phantom is lightly damaged.
The phantom hits you!
You die...

####..## ##..#####
##....## ##.#
#####...#..## ##.##
.............###.##
#####...####.#.##
##.## #..## #.#
#.## #/# #.# #@#
#.# #W# #.# ###.###
#.# #.....# #.#
#.#.#.###.#
#.#......>#
#(##..##### #.....#
####..#


You could see a phantom.

Vanquished Creatures
  An ogre (D:4)
  A hound (D:4)
  2 worker ants (D:4)
  3 adders
  A worm (D:2)
  A giant gecko (D:4)
  An ooze (D:4)
  9 goblins
  6 hobgoblins
  A quokka (D:3)
  A ball python (D:2)
  4 bats
  5 giant newts
  A hobgoblin skeleton (D:4)
  8 kobolds
  2 rats
47 creatures vanquished.

Notes
Turn   | Place    | Note
--------------------------------------------------------------
     0 | D:1      | Ololoev, the Naga Ice Elementalist, began the quest for the Orb.
     0 | D:1      | Reached XP level 1. HP: 15/15 MP: 3/3
   509 | D:1      | Reached XP level 2. HP: 13/22 MP: 0/5
  1084 | D:2      | Found an iron altar of Okawaru.
  1084 | D:2      | Found a radiant altar of Vehumet.
  1084 | D:2      | Found a burning altar of Makhleb.
  1092 | D:2      | Became a worshipper of Warmaster Okawaru
  1127 | D:2      | Noticed Sigmund
  1188 | D:2      | Found a sparkling altar of Nemelex Xobeh.
  1189 | D:2      | Found an opulent altar of Gozag.
  1195 | D:2      | Reached XP level 3. HP: 28/28 MP: 2/6
  1591 | D:2      | Found a burning altar of Makhleb.
  2116 | D:3      | Reached skill level 4 in Ice Magic
  2116 | D:3      | Reached XP level 4. HP: 36/36 MP: 9/9
  2122 | D:3      | Learned a level 4 spell: Throw Icicle
  2180 | D:3      | Noticed casual's ghost (average GrAE)
  2446 | D:4      | Noticed an ogre
  2458 | D:4      | Killed an ogre
  2458 | D:4      | Reached XP level 5. HP: 15/42 MP: 6/11
  2986 | D:4      | Noticed Eustachio
  3176 | D:4      | Reached XP level 6. HP: 43/49 MP: 10/15
  3308 | D:4      | Noticed a phantom
  3357 | D:4      | Slain by a phantom

Action                   |  1- 3 |  4- 6 || total
-------------------------+-------+-------++-------
Melee: Unarmed           |    14 |       ||    14
       Hand axe          |    19 |    20 ||    39
 Cast: Freeze            |    44 |    19 ||    63
 Abil: Spit Poison       |     3 |     7 ||    10
Evoke: Wand              |     1 |     5 ||     6
  Use: Scroll            |       |     5 ||     5
       Potion            |       |     2 ||     2
  Eat: Chunk             |     2 |     2 ||     4
       Bread ration      |     1 |       ||     1
       Royal jelly       |     1 |       ||     1
       Fruit             |       |     1 ||     1
       Beef jerky        |       |     1 ||     1
